Map: 큐리어스 마인즈 - 래더

Players

Creator

  • Race: Protoss Protoss

DRG - Winner!

  • Race: Zerg Zerg

Event: DreamHack SC2 Masters Last Chance 2022

VOD

Have the link to the VOD?

Description

Time

  • Played on: Dec. 15, 2021, 5:43 a.m.
  • Length: 8:25

All games in this series

Show
View Real Time Build Order
Export as new Build Order

Creator Protoss 

Build Orders: 1 Gate Expand, Zealot Archon, Dark Templar Rush 

Get SALT Encoding   

  12  0:00  Probe  
  13  0:13  Pylon  
  13  0:17  Probe (Chrono Boost)  
  14  0:26  Probe (Chrono Boost)  
  15  0:32  Probe (Chrono Boost)  
  16  0:40  Gateway  
  16  0:44  Probe  
  16  0:49  Assimilator  
  17  0:56  Probe  
  18  1:08  Probe  
  19  1:20  Probe  
  20  1:25  Nexus  
  20  1:34  Cybernetics Core  
  20  1:39  Probe  
  21  1:45  Assimilator  
  21  1:51  Probe  
  21  1:54  Pylon  
  22  2:03  Probe  
  23  2:12  Adept  
  23  2:15  Probe (Chrono Boost)  
  26  2:19  Twilight Council  
  26  2:23  Warp Gate  
  26  2:26  Probe (Chrono Boost)  
  27  2:32  Probe (Chrono Boost)  
  28  2:37  Probe (Chrono Boost)  
  28  2:41  Stalker  
  28  2:42  Probe (Chrono Boost)  
  32  2:47  Probe (Chrono Boost)  
  32  2:48  Probe (Chrono Boost)  
  34  2:52  Probe (Chrono Boost)  
  34  2:56  Probe  
  36  2:59  Robotics Facility  
  36  3:04  Probe  
  37  3:08  Probe  
  38  3:14  Dark Shrine  
  38  3:16  Probe  
  39  3:21  Gateway, Probe  
  39  3:23  Adept  
  42  3:29  Probe  
  42  3:31  Gateway  
  42  3:33  Probe  
  44  3:37  Pylon  
  44  3:43  Warp Prism (Chrono Boost)  
  46  3:51  Assimilator  
  46  3:53  Assimilator  
  46  3:55  Probe x2  
  48  4:02  Pylon  
  48  4:08  Probe x2  
  50  4:11  Adept  
  50  4:12  Pylon  
  50  4:15  Adept  
  54  4:21  Probe x2  
  56  4:36  Dark Templar x3  
  62  4:51  Nexus  
  62  4:57  Probe  
  62  4:58  Probe, Pylon  
  58  5:08  Dark Templar  
  58  5:09  Dark Templar  
  58  5:11  Probe (Chrono Boost)  
  63  5:14  Dark Templar  
  63  5:15  Probe (Chrono Boost)  
  67  5:21  Shield Battery  
  67  5:23  Probe (Chrono Boost)  
  67  5:25  Probe (Chrono Boost)  
  67  5:26  Forge  
  67  5:27  Observer  
  67  5:28  Probe (Chrono Boost)  
  69  5:29  Gateway  
  69  5:30  Probe (Chrono Boost)  
  71  5:36  Blink (Chrono Boost)  
  71  5:37  Probe (Chrono Boost)  
  71  5:42  Probe (Chrono Boost), Pylon  
  73  5:43  Sentry  
  73  5:46  Probe (Chrono Boost)  
  73  5:48  Probe (Chrono Boost)  
  77  5:51  Probe (Chrono Boost)  
  78  6:00  Probe  
  78  6:04  Immortal, Probe  
  84  6:08  Protoss Ground Weapons Level 1  
  84  6:12  Gateway, Sentry  
  84  6:13  Gateway, Archon, Sentry  
  88  6:18  Probe  
  88  6:19  Probe x2  
  88  6:25  Stalker x2  
  95  6:29  Gateway  
  95  6:30  Gateway  
  95  6:33  Probe  
  96  6:43  Immortal  
  96  6:46  Assimilator x2, Pylon  
  100  6:48  Pylon x2  
  98  6:55  Pylon  
  98  6:58  Pylon  
  98  7:06  Probe x3  
  98  7:08  Stalker x4  
  109  7:10  Stalker  
  109  7:11  Observer  
  109  7:14  Photon Cannon  
  109  7:15  Phoenix  
  111  7:29  Photon Cannon  
  111  7:30  Robotics Bay  
  111  7:32  Photon Cannon  
  111  7:33  Robotics Facility  
  111  7:34  Probe x3  
  114  7:38  Sentry  
  114  7:39  Stalker x2, Shield Battery  
  120  7:48  Shield Battery  
  120  7:49  Stalker x2  
  124  7:54  Archon  
  124  7:55  Archon  
  124  7:58  Stalker x2, Sentry  
  124  8:00  Photon Cannon  
  124  8:01  Shield Battery  
  124  8:08  Zealot x3  
  115  8:15  Zealot x2  
  95  8:22  Stalker x3  
Show
View Real Time Build Order
Export as new Build Order

DRG Zerg - Winner!

Build Orders: Hatch First 

Get SALT Encoding   

  12  0:00  Drone  
  13  0:12  Overlord  
  13  0:17  Drone  
  14  0:30  Drone x2  
  14  0:34  Drone  
  17  0:52  Hatchery  
  17  0:55  Drone  
  17  0:58  Drone  
  18  1:09  Extractor  
  17  1:13  Spawning Pool  
  17  1:16  Drone  
  17  1:20  Drone  
  18  1:27  Drone  
  19  1:39  Drone  
  20  1:49  Overlord  
  20  1:59  Queen  
  22  2:04  Queen  
  22  2:05  Zergling x4  
  26  2:10  Drone  
  26  2:12  Metabolic Boost  
  26  2:15  Drone  
  28  2:22  Drone  
  29  2:26  Drone  
  30  2:32  Drone  
  30  2:36  Drone  
  32  2:41  Hatchery  
  31  2:46  Queen  
  31  2:50  Overlord  
  33  2:53  Drone  
  33  2:55  Drone  
  33  2:58  Drone  
  36  3:04  Overlord  
  36  3:08  Drone x2  
  36  3:11  Drone x2  
  36  3:12  Drone  
  41  3:15  Overlord  
  41  3:19  Overlord  
  41  3:22  Drone  
  41  3:25  Drone  
  43  3:28  Drone  
  43  3:34  Drone, Roach Warren  
  43  3:36  Extractor  
  43  3:40  Queen  
  45  3:42  Drone  
  47  3:48  Drone x4  
  50  3:56  Overlord  
  50  3:59  Zergling x8  
  54  4:02  Overlord  
  54  4:09  Overlord  
  53  4:15  Roach x2  
  53  4:16  Roach  
  59  4:17  Zergling x2  
  59  4:21  Zergling x2, Spore Crawler  
  59  4:22  Zergling x4  
  62  4:24  Spore Crawler  
  62  4:26  Zergling x2  
  62  4:27  Zergling x2  
  63  4:32  Spore Crawler  
  63  4:33  Zergling x4  
  63  4:36  Ravager x3  
  67  4:42  Drone  
  67  4:43  Drone x3  
  70  4:51  Drone  
  68  4:53  Drone x3  
  68  4:54  Drone x2  
  68  4:55  Drone  
  68  4:56  Drone  
  70  5:00  Lair  
  70  5:05  Drone x2  
  70  5:07  Drone x2  
  73  5:09  Drone  
  73  5:12  Drone  
  73  5:14  Drone x3  
  79  5:16  Drone  
  79  5:22  Extractor, Overlord  
  79  5:25  Drone  
  79  5:26  Drone  
  80  5:30  Overlord  
  80  5:32  Drone  
  80  5:33  Drone x2  
  83  5:36  Overlord  
  83  5:38  Extractor  
  83  5:39  Drone x3, Extractor  
  83  5:40  Overlord  
  83  5:41  Extractor  
  83  5:43  Drone x3  
  83  5:44  Evolution Chamber  
  83  5:46  Roach  
  87  5:54  Roach x2  
  91  5:57  Overlord  
  91  5:59  Overseer  
  91  6:03  Glial Reconstitution  
  91  6:04  Overlord  
  91  6:06  Roach x4  
  91  6:07  Overseer  
  91  6:09  Overlord  
  99  6:11  Zerg Missile Weapons Level 1  
  99  6:14  Overlord  
  99  6:22  Roach x2  
  99  6:24  Overlord  
  103  6:26  Overlord  
  103  6:29  Hatchery, Roach x2  
  106  6:35  Roach x3  
  112  6:45  Roach x2  
  112  6:46  Roach x4  
  123  6:49  Overlord  
  123  6:51  Roach x2  
  126  6:55  Roach  
  126  6:56  Roach  
  126  6:58  Zergling x4  
  132  7:02  Zergling x8  
  132  7:04  Overlord  
  132  7:06  Roach  
  132  7:07  Overseer  
  139  7:08  Ravager x2  
  139  7:12  Roach x2  
  143  7:16  Roach x2  
  143  7:19  Zergling x6  
  143  7:22  Ravager x5  
  155  7:24  Roach x2  
  155  7:27  Zergling x2  
  160  7:32  Zergling x6  
  160  7:34  Overlord  
  160  7:35  Overlord  
  160  7:36  Overlord  
  163  7:39  Roach  
  163  7:41  Zergling x6  
  168  7:48  Roach x4  
  168  7:50  Overlord  
  176  7:53  Ravager x4  
  180  8:00  Roach x4  

Tags
 
Add a new tag
Caveats
  • Supply blocks, unpowered buildings, or Contaminate may cause inaccurate times.
  • Supply counts are checked every 10 seconds.